[Event "Titled Tuesday Blitz November 22 Late 2022"]
[White "Mesa Cruz, Juan Carlos"]
[Black "Storey, Charles H"]
[WhiteFideId "6423400"]
[BlackFideId "406686"]
[WhiteElo "2059"]
[BlackElo "2252"]
[Result "1-0"]
[Round "07"]
[TimeControl "180+1"]
[Date "2022.11.23"]
[WhiteClock "0:00:08"]
[BlackClock "0:00:03"]

1. e4 e6 2. Qe2 c5 3. Nf3 Nc6 4. g3 g6 5. Bg2 Bg7 6. O-O Nge7 7. c3 O-O 8. Re1 d5 9. d3 b6 10. e5 Ba6 11. Bf4 Rc8 12. Qd2 d4 13. c4 b5 14. cxb5 Bxb5 15. Na3 Ba6 16. Rac1 Nb4 17. Bf1 Nxa2 18. Ra1 Nb4 19. Nxd4 cxd4 20. Qxb4 Nd5 21. Qd2 Nxf4 22. Qxf4 Rb8 23. Qd2 Bb7 24. Bg2 Bxg2 25. Kxg2 Qd5+ 26. Kg1 Bxe5 27. Nc4 Bg7 28. Rxa7 e5 29. Qa5 Rb5 30. Qc7 Rc5 31. Qd7 Qf3 32. Qd6 Rd5 33. Qc6 Rfd8 34. Nb6 R8d6 35. Ra8+ Bf8 36. Qe8 Kg7 37. Qxf8+ Kf6 38. Nxd5+ Rxd5 39. Ra6+ Kg5 40. Qe7+ f6 41. h4+ Kg4 42. Rxf6 Qxd3 43. Qe6+ Kh5 44. Rxe5+ Rxe5 45. Qxe5+ Kh6 46. Qg5+ Kg7 47. Re6 Qd1+ 48. Kh2 Qf3 49. Re7+ Kg8 50. Qf4 Qa8 51. Qf7+ 1-0


[Site "https://www.chess.com"]

[Event "Titled Tuesday Blitz November 22 Late 2022"]
[White "Milchev, Nikolay"]
[Black "Yeritsyan, Hayk"]
[WhiteFideId "2906090"]
[BlackFideId "13307320"]
[WhiteElo "2449"]
[BlackElo "2388"]
[Result "1/2-1/2"]
[Round "07"]
[TimeControl "180+1"]
[Date "2022.11.23"]
[WhiteClock "0:00:50"]
[BlackClock "0:00:04"]

1. Nf3 d5 2. c4 c6 3. cxd5 cxd5 4. d4 Nf6 5. Nc3 Nc6 6. Bf4 Bf5 7. Rc1 e6 8. Qb3 Qc8 9. e3 Be7 10. Bb5 O-O 11. h3 a6 12. Bxc6 Qxc6 13. O-O b5 14. Ne4 Qb7 15. Rc7 Qb6 16. Ng3 Bd6 17. Bxd6 Qxd6 18. Rfc1 Be4 19. Ne5 h6 20. R1c6 Qd8 21. f3 Bh7 22. Qc3 Ne8 23. Rd7 Qg5 24. Kf2 Nf6 25. Rdc7 Qh4 26. Rc8 g5 27. Rxa8 Rxa8 28. Rc8+ Rxc8 29. Qxc8+ Kg7 30. Qc7 Bg6 31. Nxg6 Kxg6 32. Ke2 Nh5 33. Nf1 Kg7 34. b4 Kg6 35. Qd6 Kg7 36. a3 Kg6 37. Qxa6 Ng3+ 38. Nxg3 Qxg3 39. Kf1 Qh2 40. Qxb5 Qh1+ 41. Kf2 Qc1 42. Qd3+ Kh5 43. Qb3 Qd2+ 44. Kg1 Kh4 45. Kh2 Qe1 46. Qd3 Qg3+ 47. Kg1 Qe1+ 48. Qf1 Qc3 49. Qf2+ Kh5 50. g4+ Kg6 51. Qe2 Qxa3 52. b5 Qb4 53. Kf2 Qb1 54. Kg2 h5 55. gxh5+ Kxh5 56. f4+ Kh6 57. fxg5+ Kxg5 58. Qg4+ Kf6 59. Qf4+ Kg7 60. Qg5+ Kf8 61. Qd8+ Kg7 62. b6 Qe4+ 63. Kf2 Qc2+ 64. Ke1 Qc1+ 65. Ke2 Qc2+ 66. Kf3 Qe4+ 67. Kf2 Qc2+ 68. Kg3 Qg6+ 69. Kh4 Qe4+ 70. Kh5 Qg6+ 71. Kh4 Qe4+ 72. Kg5 Qg6+ 73. Kf4 Qe4+ 74. Kg3 Qxe3+ 75. Kg4 Qxd4+ 76. Kf3 Qd3+ 77. Kf4 Qd4+ 78. Kg3 Qe3+ 79. Kg4 Qe4+ 80. Kh5 Qg6+ 81. Kh4 Qe4+ 82. Kh5 Qg6+ 83. Kh4 Qe4+ 84. Kg3 Qe3+ 85. Kg2 Qe2+ 86. Kg3 Qe3+ 1/2-1/2


[Site "https://www.chess.com"]

[Event "Titled Tuesday Blitz November 22 Late 2022"]
[White "Milikow, Yoav"]
[Black "Pranav, V"]
[WhiteFideId "2822237"]
[BlackFideId "25060783"]
[WhiteElo "2341"]
[BlackElo "2430"]
[Result "0-1"]
[Round "07"]
[TimeControl "180+1"]
[Date "2022.11.22"]
[WhiteClock "0:00:03"]
[BlackClock "0:01:08"]

1. d4 Nf6 2. c4 e6 3. Nc3 Bb4 4. Qc2 O-O 5. e4 d6 6. e5 dxe5 7. dxe5 Ng4 8. Nf3 Nc6 9. Bf4 Nd4 10. Qd2 f6 11. O-O-O c5 12. h3 Nxe5 13. Nxe5 fxe5 14. Bxe5 Qa5 15. Bd3 Nc6 16. Bxg7 Kxg7 17. Qg5+ Kh8 18. Qh6 Rf7 19. Bxh7 Bxc3 20. Bg6+ Kg8 21. Bxf7+ Kxf7 22. Qh5+ Kg8 23. Qe8+ Kg7 24. bxc3 Qxc3+ 25. Kb1 e5 26. Rd7+ Bxd7 27. Qxd7+ Kh8 28. Rd1 Rd8 0-1


[Site "https://www.chess.com"]

[Event "Titled Tuesday Blitz November 22 Late 2022"]
[White "Nasuta, Grzegorz"]
[Black "Pan, Kevin"]
[WhiteFideId "1141686"]
[BlackFideId "30915708"]
[WhiteElo "2440"]
[BlackElo "2233"]
[Result "1-0"]
[Round "07"]
[TimeControl "180+1"]
[Date "2022.11.23"]
[WhiteClock "0:00:10"]
[BlackClock "0:00:11"]

1. e4 e5 2. Nf3 Nc6 3. d4 exd4 4. Nxd4 Bc5 5. Nb3 Bb6 6. Nc3 Nf6 7. Bg5 h6 8. Bh4 g5 9. Bg3 d6 10. Qd2 Be6 11. O-O-O Qe7 12. Bb5 Bd7 13. Rhe1 O-O-O 14. Kb1 Ne5 15. Bf1 Be6 16. Nd5 Nxd5 17. exd5 Bf5 18. a4 a6 19. a5 Ba7 20. f4 gxf4 21. Bxf4 Qf6 22. h3 Rde8 23. Be2 h5 24. Rf1 Qg6 25. Bg5 f6 26. Bh4 Rhf8 27. Rc1 Be4 28. g3 f5 29. Nd4 Bxd5 30. Nxf5 Rxf5 31. Qxd5 Nf3 32. Qd3 Nxh4 33. gxh4 Ref8 34. Qe4 d5 35. Qd3 Qe6 36. Bxh5 Rxf1 37. Rxf1 Rxf1+ 38. Qxf1 b6 39. Bg4 Qxg4 40. hxg4 bxa5 41. g5 Kb7 42. g6 Bd4 43. Qf3 c6 44. Qg4 Kb6 45. Qxd4+ c5 46. Qg4 Kb5 47. g7 a4 48. g8=Q a3 49. Qb8+ 1-0


[Site "https://www.chess.com"]

[Event "Titled Tuesday Blitz November 22 Late 2022"]
[White "Necromon"]
[Black "Risteski, Emil"]
[BlackFideId "15005267"]
[WhiteElo "2475"]
[BlackElo "2251"]
[Result "1-0"]
[Round "07"]
[TimeControl "180+1"]
[Date "2022.11.23"]
[WhiteClock "0:00:30"]
[BlackClock "0:00:08"]

1. Nf3 d5 2. g3 Nf6 3. Bg2 e6 4. O-O Be7 5. c4 O-O 6. b3 d4 7. Bb2 c5 8. b4 Nc6 9. bxc5 e5 10. d3 Nd7 11. Nbd2 Nxc5 12. Nb3 Na4 13. Qc2 Rb8 14. Rad1 Bd7 15. Ba1 Ba3 16. e3 dxe3 17. fxe3 Qe7 18. d4 exd4 19. exd4 Bg4 20. Rde1 Qd7 21. d5 Nb4 22. Qd2 b5 23. Ne5 Qc8 24. c5 Nxc5 25. Nxg4 Qxg4 26. Nxc5 Rbc8 27. Ne4 Nc2 28. Rd1 Nxa1 29. Rxa1 a5 30. Rab1 Bb4 31. Qd4 Rc2 32. Nf6+ Kh8 33. Qxg4 gxf6 34. Qf5 Bc5+ 35. Kh1 Rf2 36. Rxf2 Bxf2 37. Be4 1-0


[Site "https://www.chess.com"]

[Event "Titled Tuesday Blitz November 22 Late 2022"]
[White "Novikova, Galina"]
[Black "Desideri, Ricardo Maruchi"]
[WhiteFideId "4157095"]
[BlackFideId "2110440"]
[WhiteElo "1973"]
[BlackElo "1945"]
[Result "1-0"]
[Round "07"]
[TimeControl "180+1"]
[Date "2022.11.23"]
[WhiteClock "0:01:01"]
[BlackClock "0:00:07"]

1. e4 c5 2. Nf3 d6 3. d4 cxd4 4. Nxd4 Nf6 5. Nc3 a6 6. h3 e6 7. g4 b5 8. Bg2 Bb7 9. g5 Nfd7 10. h4 Be7 11. Be3 Nb6 12. b3 N8d7 13. O-O Rc8 14. Nce2 Ne5 15. Ng3 Ng6 16. h5 Nh4 17. Qg4 Nxg2 18. Kxg2 O-O 19. g6 fxg6 20. hxg6 Qd7 21. gxh7+ Kh8 22. Qxe6 Bf6 23. Rad1 Rce8 24. Qxd7 Nxd7 25. f3 d5 26. Ndf5 Ne5 27. exd5 Ng6 28. Bc5 Nf4+ 29. Kh2 Rf7 30. Nd6 Re5 31. Nxf7+ Kxh7 32. Nxe5 1-0


[Site "https://www.chess.com"]

[Event "Titled Tuesday Blitz November 22 Late 2022"]
[White "Oparin, Grigoriy"]
[Black "vjecspec"]
[WhiteFideId "24125890"]
[WhiteElo "2639"]
[BlackElo "2574"]
[Result "1-0"]
[Round "07"]
[TimeControl "180+1"]
[Date "2022.11.23"]
[WhiteClock "0:01:27"]
[BlackClock "0:00:17"]

1. g3 g6 2. Bg2 Bg7 3. c4 c5 4. Nc3 Nc6 5. b3 e6 6. e3 Nge7 7. Nge2 d6 8. d4 O-O 9. O-O cxd4 10. exd4 d5 11. Ba3 Re8 12. Bxe7 Nxe7 13. cxd5 Nxd5 14. Nxd5 exd5 15. Nf4 Be6 16. Rc1 Qd7 17. Re1 Rac8 18. Rxc8 Qxc8 19. Bxd5 Bxd5 20. Nxd5 Rxe1+ 21. Qxe1 Qd7 22. Qe4 h6 23. h4 f5 24. Qf3 h5 25. Nf4 Kf7 26. d5 Be5 27. Ne6 Bf6 28. Qd3 b6 29. a4 Qd6 30. Qc4 Qd7 31. Kg2 Be5 32. Ng5+ Kf6 33. b4 f4 34. Ne4+ Kg7 35. d6 fxg3 36. fxg3 Qxa4 37. Qd5 Qc2+ 38. Kh3 Bf6 39. Nxf6 Kxf6 40. d7 1-0


[Site "https://www.chess.com"]

[Event "Titled Tuesday Blitz November 22 Late 2022"]
[White "Oro, Faustino"]
[Black "Jimenez Almeida, Luis David"]
[WhiteFideId "20000197"]
[BlackFideId "22242244"]
[WhiteElo "2066"]
[BlackElo "2158"]
[Result "1-0"]
[Round "07"]
[TimeControl "180+1"]
[Date "2022.11.23"]
[WhiteClock "0:00:10"]
[BlackClock "0:00:07"]

1. d4 g6 2. e4 Bg7 3. Nc3 c5 4. Nf3 Nc6 5. d5 Nd4 6. Nxd4 cxd4 7. Ne2 Qb6 8. Qd3 d6 9. g3 Bd7 10. Bg2 Bb5 11. Qb3 Qa6 12. Nf4 Rc8 13. a4 Bc4 14. Qa3 Qb6 15. Nd3 Ba6 16. Nb4 Nf6 17. Nxa6 Qxa6 18. Bf1 Qb6 19. Bd3 O-O 20. O-O Nd7 21. Bd2 Ne5 22. Rfd1 Nc4 23. Qa2 Ne5 24. Kg2 Qc7 25. Rac1 Qd7 26. Be2 h5 27. h3 f5 28. f4 fxe4 29. fxe5 Bxe5 30. Rf1 Rxf1 31. Bxf1 Qf5 32. Be2 e3 33. Be1 Rxc2 34. Rxc2 Qxc2 35. Qc4 Qe4+ 36. Bf3 Qb1 37. Qe2 Qa2 38. Bb4 Qxa4 39. Ba3 Qb3 40. Be4 Kg7 41. Qf3 Qb5 42. g4 hxg4 43. hxg4 Qd7 44. Bb4 b6 45. Ba3 a5 46. Kh3 b5 47. b3 b4 48. Bb2 Qc8 49. Qe2 Qh8+ 50. Kg2 Qh2+ 51. Kf1 Qf4+ 52. Qf3 Qh2 53. Qg2 Qf4+ 54. Ke2 d3+ 55. Kxd3 Qf6 56. Bxe5 Qxe5 57. Kxe3 Qc3+ 58. Bd3 Qxb3 59. Qc2 Qxc2 60. Bxc2 Kf6 61. Kd4 Kg5 62. Bd1 Kf4 63. Kc4 Ke5 64. Bf3 g5 65. Kb5 Kd4 66. Kxa5 b3 67. Bd1 b2 68. Bc2 Kc3 69. Bf5 Kd2 70. Kb5 Kc1 71. Kc6 b1=Q 72. Bxb1 Kxb1 73. Kd7 Kc2 74. Kxe7 Kd3 75. Kxd6 Ke4 76. Ke6 1-0


[Site "https://www.chess.com"]

[Event "Titled Tuesday Blitz November 22 Late 2022"]
[White "Paiva, Henrique M A Albergaria"]
[Black "Hardaway, Brewington"]
[WhiteFideId "1920995"]
[BlackFideId "30941849"]
[WhiteElo "1953"]
[BlackElo "2159"]
[Result "0-1"]
[Round "07"]
[TimeControl "180+1"]
[Date "2022.11.23"]
[WhiteClock "0:00:02"]
[BlackClock "0:00:13"]

1. Nf3 Nf6 2. d4 e6 3. c4 d5 4. Nc3 Bb4 5. Bg5 O-O 6. e3 h6 7. Bh4 g5 8. Bg3 Ne4 9. Rc1 c5 10. Bd3 Nc6 11. cxd5 Qxd5 12. O-O Bxc3 13. bxc3 c4 14. Bxe4 Qxe4 15. Qe2 b5 16. Nd2 Qg6 17. e4 Bb7 18. Rb1 a6 19. Nxc4 Ne7 20. Nd6 Bc6 21. Rfd1 h5 22. f3 f5 23. exf5 Nxf5 24. Nxf5 Rxf5 25. Re1 Bd5 26. Be5 Rc8 27. Rbc1 Rc4 28. Red1 h4 29. h3 Kh7 30. Rd3 Ra4 31. Rd2 Rc4 32. Bh2 Qe8 33. Qd3 Qc6 34. Re2 b4 35. Re5 Rxc3 36. Rxc3 Qxc3 37. Qxc3 bxc3 38. Re3 Bxa2 39. Rxc3 Rb5 40. Be5 Bd5 41. g3 Rb1+ 42. Kf2 Rh1 43. gxh4 gxh4 44. Kg2 Rd1 45. Rc7+ Kh6 46. Ra7 Rd2+ 47. Kf1 Ra2 48. Bf4+ Kg6 49. Be5 Bxf3 50. Rg7+ Kf5 51. Rf7+ Ke4 52. Ke1 Ke3 53. Bf4+ Kxd4 54. Bg5 Bg2 55. Bxh4 Bxh3 56. Bf2+ Kd5 57. Rd7+ Kc6 58. Rh7 Bf5 59. Rg7 Kb5 60. Rb7+ Kc4 61. Rc7+ Kd3 62. Rd7+ Ke4 63. Rd4+ Kf3 64. Bh4 Ke3 65. Rd6 a5 66. Bg5+ Ke4 67. Rd2 Ra1+ 68. Kf2 a4 69. Re2+ Kd5 70. Bf6 Ra3 71. Rd2+ Kc4 72. Be7 Rc3 73. Bf6 Rh3 74. Rd4+ Kb3 75. Rd6 a3 76. Rb6+ Ka4 77. Ra6+ Kb4 78. Be7+ Kb5 79. Rxa3 Rh6 80. Rg3 Kc6 81. Bg5 Rh5 82. Bf4 Kd5 83. Ke3 Rh1 84. Rg1 Rxg1 0-1


[Site "https://www.chess.com"]

[Event "Titled Tuesday Blitz November 22 Late 2022"]
[White "Pakleza, Zbigniew"]
[Black "Fedoseev, Vladimir"]
[WhiteFideId "1119290"]
[BlackFideId "24130737"]
[WhiteElo "2411"]
[BlackElo "2726"]
[Result "1-0"]
[Round "07"]
[TimeControl "180+1"]
[Date "2022.11.22"]
[WhiteClock "0:00:05"]
[BlackClock "0:00:01"]

1. d4 Nf6 2. Nf3 d5 3. Bf4 c5 4. c3 Nbd7 5. e3 Nh5 6. Be5 a6 7. h3 cxd4 8. cxd4 e6 9. Bh2 Nhf6 10. Nc3 b5 11. Bd3 Bb7 12. O-O Rc8 13. a4 b4 14. Nb1 Be7 15. Qe2 a5 16. Nbd2 O-O 17. Rfc1 Qb6 18. Bb5 Qa7 19. Nb3 Nb6 20. Nc5 Ba8 21. Ba6 Rcd8 22. Nxe6 fxe6 23. Rc7 Rd7 24. Rxa7 Rxa7 25. Ne5 Ne4 26. f3 Nd6 27. Rc1 Nbc4 28. Nxc4 Nxc4 29. Bxc4 dxc4 30. Rxc4 Bd5 31. Rc7 Rxc7 32. Bxc7 Rc8 33. Bxa5 b3 34. Bc3 Rxc3 35. bxc3 Ba3 36. c4 b2 37. Qxb2 Bxb2 38. cxd5 Bc1 39. Kf2 Bd2 40. dxe6 Kf8 41. d5 Ke7 42. e4 Kd6 43. Ke2 Ba5 44. f4 Bd8 45. Kd3 Kc5 46. g3 h5 47. a5 Kd6 48. a6 Bb6 49. Kc4 Bf2 50. e5+ Kc7 51. f5 Be3 52. d6+ Kc6 53. e7 Kd7 54. Kd5 Bf2 55. e6+ Ke8 56. g4 hxg4 57. hxg4 g6 58. f6 1-0


[Site "https://www.chess.com"]

[Event "Titled Tuesday Blitz November 22 Late 2022"]
[White "Palencia Morales, Wilson Guillermo"]
[Black "Samarth, J Rao"]
[WhiteFideId "4401859"]
[BlackFideId "46652370"]
[WhiteElo "2160"]
[BlackElo "1564"]
[Result "0-1"]
[Round "07"]
[TimeControl "180+1"]
[Date "2022.11.23"]
[WhiteClock "0:00:03"]
[BlackClock "0:00:08"]

1. d4 d5 2. c4 e6 3. Nf3 Nf6 4. Nc3 c6 5. Bg5 h6 6. Bxf6 Qxf6 7. e3 g6 8. Qc2 Nd7 9. Be2 Bg7 10. O-O O-O 11. e4 dxe4 12. Nxe4 Qe7 13. Rfe1 e5 14. dxe5 Nxe5 15. Nxe5 Qxe5 16. Nc3 Qg5 17. Bf3 Bf5 18. Be4 Be6 19. b3 Rad8 20. Rad1 Rxd1 21. Nxd1 Rd8 22. Ne3 Qa5 23. Re2 Qe5 24. g3 Bh3 25. Re1 Qa5 26. Re2 Qe5 27. Qb1 Qc3 28. Bg2 Be6 29. Rc2 Qd3 30. Rc1 Qxb1 31. Rxb1 Rd2 32. a4 a5 33. Bf1 Bc3 34. Rc1 Bb4 35. Rc2 Rd4 36. Be2 Bc5 37. Kf1 Bh3+ 38. Kg1 h5 39. Bf1 Be6 40. h4 Kf8 41. Be2 Ke7 42. Kf1 Kd6 43. Rc1 Rd2 44. Rd1 Bxe3 45. fxe3 Rxd1+ 46. Bxd1 Bf5 47. Ke1 Kc5 48. Kd2 Kb4 49. Kc1 Kc3 50. c5 Kd3 51. b4 axb4 52. Kb2 Kxe3 53. Kb3 Kd2 54. Bf3 Ke3 55. Bd1 Kf2 56. Kxb4 Kxg3 57. Ka5 Kxh4 58. Kb6 Kg3 59. a5 h4 60. Kxb7 Bd3 61. Ba4 h3 62. Bxc6 h2 63. Bd5 f5 64. c6 Be4 65. Bxe4 fxe4 66. c7 h1=Q 67. c8=Q e3+ 68. Kb6 Qb1+ 69. Ka7 Qe4 70. Qc3 Kf2 71. Qf6+ Kg2 72. Qg5+ Kh3 73. Qh6+ Kg3 74. Qg5+ Kf3 75. Qf6+ Kg4 76. Qd8 e2 77. Qd2 e1=Q 78. Qd7+ Qe6 79. Qd4+ Q1e4 80. Qg1+ Kf5 81. Qf2+ Kg5 82. Qg3+ Q4g4 83. Qc3 Qd7+ 84. Kb6 Qgd4+ 85. Qxd4 Qxd4+ 86. Kb5 Qa1 87. a6 Kf4 88. a7 g5 89. a8=Q Qxa8 0-1


[Site "https://www.chess.com"]

[Event "Titled Tuesday Blitz November 22 Late 2022"]
[White "Papp, Levente"]
[Black "Baskakov, Egor"]
[WhiteFideId "751243"]
[BlackFideId "24197866"]
[WhiteElo "2380"]
[BlackElo "2211"]
[Result "0-1"]
[Round "07"]
[TimeControl "180+1"]
[Date "2022.11.22"]
[WhiteClock "0:00:14"]
[BlackClock "0:01:44"]

1. b3 Nf6 2. Bb2 e6 3. Nf3 d5 4. c4 Be7 5. g3 O-O 6. Bg2 b6 7. O-O Bb7 8. d4 Ne4 9. Nbd2 f5 10. Ne5 Nd7 11. Ndf3 Bf6 12. Nxd7 Qxd7 13. Ne5 Qe7 14. f3 Nd6 15. Rc1 dxc4 16. bxc4 Rfd8 17. Qb3 Nf7 18. c5 Bd5 19. Qa3 Bxe5 20. dxe5 b5 21. Qa5 a6 22. Ba3 Nxe5 23. c6 Qf7 24. e4 Bc4 25. Rfd1 Nxc6 26. Qc3 fxe4 27. fxe4 Qh5 28. e5 0-1


[Site "https://www.chess.com"]

[Event "Titled Tuesday Blitz November 22 Late 2022"]
[White "Paravyan, David"]
[Black "Maksimovic, Bojan"]
[WhiteFideId "4194985"]
[BlackFideId "14408120"]
[WhiteElo "2546"]
[BlackElo "2447"]
[Result "1-0"]
[Round "07"]
[TimeControl "180+1"]
[Date "2022.11.22"]
[WhiteClock "0:01:34"]
[BlackClock "0:00:03"]

1. e4 c5 2. Nf3 e6 3. d4 cxd4 4. Nxd4 a6 5. c3 Nc6 6. Nxc6 bxc6 7. Bd3 d5 8. O-O Nf6 9. Qe2 Be7 10. Bf4 O-O 11. Nd2 Bb7 12. e5 Nd7 13. Qh5 g6 14. Qh6 f5 15. Nf3 Rf7 16. Rae1 Qf8 17. Qh3 a5 18. Bh6 Qd8 19. Qg3 Ba6 20. Bxa6 Rxa6 21. h4 Kh8 22. Qh3 Rb6 23. b3 Nc5 24. Ng5 Bxg5 25. Bxg5 Qf8 26. h5 Kg8 27. Bf6 Rxf6 28. exf6 Qxf6 29. Qe3 Qe7 30. Qd4 Nd7 31. Re3 e5 32. Rfe1 e4 33. hxg6 hxg6 34. Rh3 Qf6 35. Qd2 Kf7 36. c4 Ke6 37. cxd5+ cxd5 38. Qxa5 Rc6 39. Qa8 Qc3 40. Rxc3 Rxc3 41. Rd1 Rc5 42. b4 Rb5 43. Qc6+ Ke5 44. Qxb5 1-0


[Site "https://www.chess.com"]

[Event "Titled Tuesday Blitz November 22 Late 2022"]
[White "Petrovic, Aleksa"]
[Black "Jarmula, Lukasz"]
[WhiteFideId "967629"]
[BlackFideId "1160664"]
[WhiteElo "2224"]
[BlackElo "2357"]
[Result "1-0"]
[Round "07"]
[TimeControl "180+1"]
[Date "2022.11.23"]
[WhiteClock "0:00:04"]
[BlackClock "0:00:01"]

1. d4 e6 2. c4 b6 3. Nf3 Bb7 4. g3 Bb4+ 5. Bd2 Bxf3 6. exf3 Bxd2+ 7. Qxd2 Nf6 8. Nc3 d5 9. cxd5 Nxd5 10. Bg2 c6 11. O-O O-O 12. Rac1 Nd7 13. f4 N7f6 14. Nxd5 cxd5 15. Rc6 Qd7 16. Rfc1 Rac8 17. Qc2 Rxc6 18. Qxc6 Qe7 19. Qc7 Qb4 20. Qc3 Qb5 21. Bf1 Qa4 22. b3 Qa3 23. b4 Qa4 24. Qb3 Qd7 25. Qc2 Ne4 26. b5 Qe7 27. Bd3 f5 28. Bxe4 fxe4 29. Qc7 Qb4 30. Qe5 Qxb5 31. Qxe6+ Kh8 32. Rc8 Qb4 33. Qf5 Rg8 34. Rxg8+ Kxg8 35. Qxd5+ Kf8 36. Qa8+ Kf7 37. Qxe4 Qb2 38. Qd5+ Kf6 39. Kg2 a5 40. Qe5+ Kf7 41. Qf5+ Ke7 42. d5 Qxa2 43. Qe6+ Kd8 44. Qxb6+ Kd7 45. Qc6+ Kd8 46. d6 Qe6 47. Qb6+ Kd7 48. Qc7+ Ke8 49. Qb8+ Kd7 50. Qa7+ Kxd6 51. Qxa5 Qe4+ 52. Kf1 Qh1+ 53. Ke2 Qe4+ 54. Kd2 Qd4+ 55. Ke1 Qe4+ 56. Kd1 Qb1+ 57. Ke2 Qe4+ 58. Kd2 Qd4+ 59. Ke1 Qe4+ 60. Kd1 Qb1+ 61. Kd2 Qb2+ 62. Kd3 Qb1+ 63. Ke3 Qb3+ 64. Ke4 Qc4+ 65. Kf3 Qd3+ 66. Kg4 Qe2+ 67. f3 1-0


[Site "https://www.chess.com"]

[Event "Titled Tuesday Blitz November 22 Late 2022"]
[White "Poliakova, Varvara"]
[Black "Mgeladze, Tamaz"]
[WhiteFideId "13518313"]
[BlackFideId "13601202"]
[WhiteElo "2099"]
[BlackElo "2288"]
[Result "0-1"]
[Round "07"]
[TimeControl "180+1"]
[Date "2022.11.23"]
[WhiteClock "0:00:09"]
[BlackClock "0:00:11"]

1. e4 c5 2. Nf3 Nc6 3. d4 cxd4 4. Nxd4 g6 5. Nc3 Bg7 6. Nb3 Bxc3+ 7. bxc3 Nf6 8. Bd3 O-O 9. Bh6 Re8 10. O-O d6 11. Nd4 Bd7 12. h3 Qa5 13. Bd2 Rac8 14. f4 a6 15. Nf3 Qa4 16. Qe1 Na5 17. e5 Nh5 18. Qh4 Nc4 19. Bc1 dxe5 20. fxe5 Nxe5 21. Qf2 Nxf3+ 22. Qxf3 Be6 23. g4 Nf6 24. Bf4 Rxc3 25. Be5 Rc5 26. Bxf6 exf6 27. Qxf6 Rd5 28. Rf2 Qd4 29. Qxd4 Rxd4 30. a4 Bd7 31. a5 Bc6 32. Raf1 Re7 33. Rf4 Rxf4 34. Rxf4 Kg7 35. Kf2 Re5 36. Bc4 f6 37. Rd4 Rxa5 38. Rd8 Kh6 39. Rd6 Rc5 40. Bb3 Kg5 41. c4 h5 42. Kg3 h4+ 43. Kf2 a5 44. Rd8 a4 45. Ba2 Re5 46. Rd2 Re4 47. Rb2 Rf4+ 48. Kg1 Rf3 49. Kh2 Rc3 50. Rf2 Rf3 51. Rd2 a3 52. Re2 Rc3 53. Rd2 Be4 54. Re2 Rc2 55. Rxc2 Bxc2 56. Kg2 Kf4 57. Kf2 g5 58. c5 Be4 59. Bb3 Ke5 60. Ba2 Bd5 0-1


[Site "https://www.chess.com"]

[Event "Titled Tuesday Blitz November 22 Late 2022"]
[White "Prem, Pranav"]
[Black "Tarnowska, Aleksandra"]
[WhiteFideId "30901057"]
[BlackFideId "1180967"]
[WhiteElo "1970"]
[BlackElo "1776"]
[Result "1-0"]
[Round "07"]
[TimeControl "180+1"]
[Date "2022.11.23"]
[WhiteClock "0:00:14"]
[BlackClock "0:00:02"]

1. d4 d5 2. c4 c6 3. Nf3 Nf6 4. e3 Bf5 5. Nc3 e6 6. Nh4 Bg6 7. Be2 Be7 8. O-O Nbd7 9. Qb3 Qb6 10. Bd2 O-O 11. Nxg6 hxg6 12. c5 Qxb3 13. axb3 e5 14. b4 a6 15. Bd1 Ne8 16. b5 Nc7 17. bxc6 bxc6 18. Na4 Rfb8 19. Be2 f5 20. Ba5 Nb5 21. dxe5 Nxe5 22. Nb6 Ra7 23. Rfc1 Nd7 24. Nxd7 Rxd7 25. Bb6 Ra8 26. Bxb5 cxb5 27. c6 Rd6 28. c7 Rxb6 29. c8=Q+ Rxc8 30. Rxc8+ Kh7 31. Rac1 Bf6 32. b3 a5 33. R1c6 Rb7 34. g3 a4 35. bxa4 bxa4 36. Ra6 Rb4 37. Rca8 d4 38. exd4 Bxd4 39. Rxa4 Rb1+ 40. Kg2 Bf6 41. Ra2 Rb3 42. Rc2 Rd3 43. h3 Rd1 44. Rac8 Rd3 45. Re2 Rb3 46. Re3 Rb7 47. Kf3 Bd4 48. Rd3 Bf6 49. Rc2 Rb4 50. h4 Rb5 51. Kg2 Rb4 52. f4 Ra4 53. Kf3 Ra1 54. Rc8 Rf1+ 55. Kg2 Rb1 56. Ra3 Rb2+ 57. Kf3 Bd4 58. g4 Rf2+ 59. Kg3 Rf1 60. gxf5 gxf5 61. Rf8 Rg1+ 62. Kf3 Rf1+ 63. Kg3 Rg1+ 64. Kh2 Rg4 65. Rxf5 Rxh4+ 66. Kg3 1-0


[Site "https://www.chess.com"]

[Event "Titled Tuesday Blitz November 22 Late 2022"]
[White "Przybylski, Wojciech"]
[Black "Figorito, Nick"]
[WhiteFideId "1117599"]
[BlackFideId "30923689"]
[WhiteElo "2221"]
[BlackElo "2300"]
[Result "1-0"]
[Round "07"]
[TimeControl "180+1"]
[Date "2022.11.23"]
[WhiteClock "0:00:10"]
[BlackClock "0:00:03"]

1. e4 e6 2. d4 d5 3. Nc3 Bb4 4. a3 Bxc3+ 5. bxc3 dxe4 6. Qg4 Nf6 7. Qxg7 Rg8 8. Qh6 Rg6 9. Qe3 b6 10. c4 Nc6 11. Ne2 Ba6 12. Qc3 Rg8 13. h3 Qe7 14. Bb2 Nd7 15. Ng3 f5 16. d5 Na5 17. dxe6 Qxe6 18. O-O-O O-O-O 19. Nh5 Bxc4 20. Nf4 Qc6 21. Bxc4 Qxc4 22. Nd5 Qxc3 23. Bxc3 Rxg2 24. Bf6 Nxf6 25. Ne7+ Kb7 26. Rxd8 Rxf2 27. Rf8 Nh5 28. Rxf5 Rxf5 29. Nxf5 Nc4 30. Re1 Nf6 31. a4 Nd6 32. Rf1 Nxf5 33. Rxf5 Nd7 34. Rh5 Nc5 35. Rxh7 Kc6 36. h4 Kd6 37. h5 e3 38. h6 Ne4 39. Kd1 a5 40. Rxc7 Kxc7 41. h7 Nc3+ 42. Ke1 Nxa4 43. h8=Q Nc5 44. Qe5+ Kc6 45. Qxe3 Kb5 46. Kd2 Ka6 47. Kc3 Na4+ 48. Kc4 Nc5 49. Qe2 Kb7 50. Kb5 Kc7 51. Qe7+ Nd7 52. c3 Kc8 53. Kc6 Nb8+ 54. Kd6 1-0


[Site "https://www.chess.com"]

[Event "Titled Tuesday Blitz November 22 Late 2022"]
[White "Rangel, Daniel"]
[Black "Czopor, Maciej"]
[WhiteFideId "2124475"]
[BlackFideId "21805431"]
[WhiteElo "2225"]
[BlackElo "2324"]
[Result "0-1"]
[Round "07"]
[TimeControl "180+1"]
[Date "2022.11.23"]
[WhiteClock "0:00:13"]
[BlackClock "0:00:34"]

1. d4 g6 2. c4 Bg7 3. Nc3 Nf6 4. e4 d6 5. Nf3 O-O 6. Be2 e5 7. O-O Nbd7 8. d5 Ne8 9. b4 h6 10. Ba3 a5 11. Ne1 f5 12. Nd3 Nef6 13. Bf3 axb4 14. Bxb4 fxe4 15. Nxe4 Qe8 16. c5 Nxe4 17. Bxe4 Nf6 18. Bf3 e4 19. Re1 Qb5 20. Rxe4 Nxe4 21. Bxe4 Bxa1 22. cxd6 cxd6 23. Bxd6 Bf5 24. Bxf8 Bxe4 25. Qxa1 Rxf8 26. Nb2 Qe2 27. f3 Qe3+ 28. Kh1 Rxf3 29. Nc4 Qe2 30. Nd2 Qxd2 31. h4 Rh3+ 32. Kg1 Qxg2# 0-1


[Site "https://www.chess.com"]

[Event "Titled Tuesday Blitz November 22 Late 2022"]
[White "Rasulov, Vugar"]
[Black "Rosen, Eric"]
[WhiteFideId "13402390"]
[BlackFideId "2032562"]
[WhiteElo "2509"]
[BlackElo "2362"]
[Result "1-0"]
[Round "07"]
[TimeControl "180+1"]
[Date "2022.11.22"]
[WhiteClock "0:02:04"]
[BlackClock "0:00:01"]

1. e4 c5 2. c3 d5 3. exd5 Qxd5 4. d4 Nf6 5. Nf3 e6 6. Bd3 Nc6 7. O-O Be7 8. c4 Qd8 9. dxc5 Bxc5 10. Nc3 O-O 11. Qe2 b6 12. Bg5 Bb7 13. Rad1 Nd4 14. Nxd4 Bxd4 15. Nb5 e5 16. Bb1 h6 17. Be3 Re8 18. Rfe1 Qd7 19. Nxd4 exd4 20. Rxd4 Qc6 21. Qf1 Re5 22. Red1 Rae8 23. Rd8 a5 24. b3 a4 25. h3 Nd7 26. R1xd7 axb3 27. axb3 g5 28. Rd6 Rxd8 29. Rxd8+ Kg7 30. Bd4 f6 31. Bxe5 fxe5 32. Rd5 g4 33. Qd3 e4 34. Qd4+ Kf7 35. Bxe4 1-0


[Site "https://www.chess.com"]

[Event "Titled Tuesday Blitz November 22 Late 2022"]
[White "Remolar Gallen, Jose"]
[Black "Sabar, Ethmane Daouda"]
[WhiteFideId "2215187"]
[BlackFideId "19600097"]
[WhiteElo "2252"]
[BlackElo "1950"]
[Result "0-1"]
[Round "07"]
[TimeControl "180+1"]
[Date "2022.11.23"]
[WhiteClock "0:00:04"]
[BlackClock "0:00:03"]

1. e4 c5 2. Nf3 Nc6 3. Bb5 Na5 4. O-O a6 5. Be2 Nc6 6. c3 e5 7. d4 cxd4 8. cxd4 exd4 9. Nxd4 Bc5 10. Be3 Nxd4 11. Bxd4 Bxd4 12. Qxd4 Qf6 13. e5 Qe6 14. Bc4 Qg6 15. Nc3 Ne7 16. Qc5 b6 17. Qd6 Bb7 18. f3 Nf5 19. Qc7 Nh4 20. Rf2 Bxf3 21. Raf1 O-O 22. Qxd7 Bxg2 23. Bxf7+ Rxf7 24. Qxf7+ Qxf7 25. Rxf7 Bxf1 26. Rxf1 Re8 27. Rf4 Ng6 28. Rc4 Nxe5 29. Rc7 b5 30. Nd5 Nd3 31. Ra7 Re6 32. Nc7 Re2 33. Rxa6 Rxb2 34. Ra8+ Kf7 35. Nd5 Ke6 36. Nc7+ Kf5 37. Rb8 b4 38. Nd5 Ke4 39. Rb5 Kf3 0-1


[Site "https://www.chess.com"]